Cogmind - Beta 13 *** ADVENTURER MODE // 2024.07.04 @ 13:15:46 Player: Dmitry Result: Self-destructed Performance ------------- Evolutions (0) 0 Regions Visited (4) 800 Robots Destroyed (16) 80 Value Destroyed (174) 174 Prototype IDs (0) 0 Alien Tech Used (0) 0 Bonus (0) 0 TOTAL SCORE: 1054 Bonus ------- None Cogmind --------- Core Integrity 145/250 Matter 267/300 Energy 160/160 System Corruption 2% Temperature Cool (0) Movement Rolling (380) Ox20 Location -9/Mines Parts ------- > --- POWER (1) -------- Light Nuclear Core > --- PROPULSION (2) --- Wheel > --- UTILITY (2) ------ Humpback > --- WEAPON (2) ------- Assault Rifle Light Cannon > --- INVENTORY (35) --- Ion Engine Ion Engine Light Ion Engine Flight Unit Flight Unit Flight Unit Improved Heat Sink Small Storage Unit High-capacity Storage Unit High-capacity Battery (250) High-capacity Battery (250) High-capacity Battery (250) Small Matter Pod (50) Small Matter Pod (50) Small Matter Pod (40) Structural Scanner Improved Terrain Scanner Light Armor Plating Bomb Drone Bay Light Assault Rifle Light Cannon Light Cannon Grenade Launcher Peak State ------------ > --- POWER ------------ Light Nuclear Core > --- PROPULSION ------- Wheel Compact Wheel > --- UTILITY ---------- Humpback > --- WEAPON ----------- Assault Rifle Light Cannon > --- INVENTORY -------- Ion Engine Ion Engine Light Ion Engine Flight Unit Flight Unit Flight Unit Improved Heat Sink Small Storage Unit High-capacity Storage Unit High-capacity Battery High-capacity Battery High-capacity Battery Small Matter Pod Small Matter Pod Small Matter Pod Structural Scanner Improved Terrain Scanner Light Armor Plating Bomb Drone Bay Light Assault Rifle Light Cannon Light Cannon Grenade Launcher [Rating: 13] Favorites ----------- Power Light Nuclear Core Engine Light Ion Engine Power Core Light Nuclear Core Propulsion Wheel Wheel Wheel Utility Humpback Device Seismic Detector Storage Humpback Protection Light Armor Plating Weapon Assault Rifle Ballistic Gun Assault Rifle Ballistic Cannon Light Cannon Build | -11 -10 -10 -10 -9 ------- Run | Yrd Mat Min Exi Min Slots Evolved . | . . . . . Power . | . . . . . Propulsion . | . . . . . Utility . | . . . . . Weapon . | . . . . . Parts Attached 14 | 6 3 4 1 . Power 2 | 1 . 1 . . Engine 1 | 1 . . . . Core 1 | . . 1 . . Reactor . | . . . . . Propulsion 4 | 2 1 1 . . Treads . | . . . . . Leg . | . . . . . Wheel 4 | 2 1 1 . . Hover . | . . . . . Flight . | . . . . . Utility 5 | 1 2 1 1 . Device 1 | . 1 . . . Storage 3 | 1 1 . 1 . Processor . | . . . . . Hackware . | . . . . . Protection 1 | . . 1 . . Artifact . | . . . . . Weapon 3 | 2 . 1 . . Energy Gun . | . . . . . Energy Cannon . | . . . . . Ballistic Gun 2 | 2 . . . . Ballistic Cannon 1 | . . 1 . . Launcher . | . . . . . Special Weapon . | . . . . . Impact Weapon . | . . . . . Slashing Weapon . | . . . . . Piercing Weapon . | . . . . . Special Melee Weapon . | . . . . . Unidentified Prototypes . | . . . . . Parts Lost 2 | . . 1 . 1 Power . | . . . . . Propulsion 1 | . . . . 1 Utility 1 | . . 1 . . Weapon . | . . . . . Highest Loss Streak 1 | . . 1 . 1 To Critical Strikes . | . . . . . Average Slot Usage (%) 87 | . 89 88 86 84 Engine 1 | . 14 . . . Core 12 | . . 13 14 14 Wheel 26 | . 23 23 28 27 Device 2 | . 14 3 . . Storage 14 | . 14 14 14 14 Protection 2 | . . 4 1 . Ballistic Gun 14 | . 22 14 14 14 Ballistic Cannon 12 | . . 14 14 14 Naked Turns . | . . . . . Heaviest Build 210 | 11 47 53 210 210 Greatest Support 26 | 20 20 26 26 26 Greatest Overweight (x) 15 | . 15 3 8 8 Average Overweight (x) 3 | . 1 1 6 8 Largest Inventory Capacity 35 | 8 20 20 35 35 Average Capacity 26 | 7 15 20 33 35 Most Carried 24 | 3 11 15 22 24 Average Carried 15 | 1 6 13 19 23 Final Capacity 35 | 8 20 20 35 35 Final Carried 24 | 3 10 15 22 24 Class Distribution -------------------- 50% | Hauler-Mutant 49% | Mutant Dominant Class ---------------- Mutant | -10/Materials Mutant | -10/Mines Hauler-Mutant | -10/Exiles Hauler-Mutant | -9/Mines Resources | -11 -10 -10 -10 -9 ----------- Run | Yrd Mat Min Exi Min Matter Collected 662 | 356 . 272 30 4 Remotely . | . . . . . Salvage Created 441 | 224 . 212 . 5 Parts 35 | 20 . 15 . . Haulers Intercepted . | . . . . . Recyclers Shooed 1 | . . 1 . . Parts Field Recycled . | . . . . . Retrieved Matter . | . . . . . Parts Self-Destructed . | . . . . . Prevented . | . . . . . Kills | -11 -10 -10 -10 -9 ------- Run | Yrd Mat Min Exi Min Combat Hostiles Destroyed 6 | . . 5 . 1 Guns 2 | . . 2 . . Cannons 4 | . . 3 . 1 Classes Destroyed 6 | 3 . 2 . 1 Worker 2 | 2 . . . . Tunneler 7 | 5 . 2 . . Recycler 2 | 1 . 1 . . Swarmer 3 | . . 3 . . Grunt 2 | . . 2 . . Assembled 1 | . . . . 1 Best Kill Streak 4 | 4 . 3 . 1 Combat Bots Only 3 | . . 3 . 1 Max Kills in Single Turn 2 | 1 . 2 . 1 Gunslinging . | . . . . . Exploded . | . . . . . Melee . | . . . . . Uniques/NPCs Destroyed . | . . . . . Combat | -11 -10 -10 -10 -9 -------- Run | Yrd Mat Min Exi Min Hostile Shots Fired 67 | . 5 28 . 34 Missed 16 | . 2 8 . 6 Damage Taken 511 | . 26 162 . 323 Core 105 | . . 48 . 57 Absorbed by Shields . | . . . . . Ignored by Resistances 148 | . 7 51 . 90 Core Remaining (%) 100 | 100 . . . . Volleys Fired 56 | 24 7 19 . 6 Largest 2 | 2 2 2 . 2 Hottest 55 | 40 40 55 . 55 Shots Fired 108 | 48 10 38 . 12 Gun 83 | 48 10 19 . 6 Cannon 25 | . . 19 . 6 Launcher . | . . . . . Special . | . . . . . Kinetic 108 | 48 10 38 . 12 Thermal . | . . . . . Explosive . | . . . . . Electromagnetic . | . . . . . Robot Hit Streak 12 | 10 2 12 . 8 Robot Miss Streak 4 | 2 4 1 . 2 Penetration Max . | . . . . . Secondary Targets . | . . . . . Shots Hit Robots 74 | 32 3 29 . 10 Core Hits 26 | 13 . 10 . 3 Critical Kills . | . . . . . Critical Parts Destroyed . | . . . . . Critical Strikes . | . . . . . Melee Attacks . | . . . . . Impact . | . . . . . Slashing . | . . . . . Piercing . | . . . . . Sneak Attacks . | . . . . . Combat Hostiles . | . . . . . Follow-up Attacks . | . . . . . Damage Inflicted 992 | 341 40 461 . 150 Guns 626 | 341 40 185 . 60 Cannons 366 | . . 276 . 90 Explosions . | . . . . . Melee . | . . . . . Ramming . | . . . . . Kinetic 992 | 341 40 461 . 150 Thermal . | . . . . . Explosive . | . . . . . Electromagnetic . | . . . . . Impact . | . . . . . Slashing . | . . . . . Piercing . | . . . . . Highest Corruption 2 | . . . . 2 Average Corruption 2 | . . . . 2 Corruption Purged . | . . . . . Corruption Blocked . | . . . . . Overload Shots . | . . . . . Overflow Damage . | . . . . . Projectiles . | . . . . . Explosions . | . . . . . Melee . | . . . . . Knockbacks 8 | . . 5 . 3 Impact . | . . . . . Kinetic 7 | . . 5 . 2 Secondary 1 | . . . . 1 Self-Inflicted Damage . | . . . . . Shots . | . . . . . Rammed . | . . . . . Targets Rammed . | . . . . . Kicked . | . . . . . Crushed . | . . . . . Highest Temperature 120 | . . 30 . 120 Average Temperature 44 | . . 19 . 66 Received Heat Transfer 201 | . 21 60 . 120 Siege Activations . | . . . . . Robots Corrupted . | . . . . . Combat Hostiles . | . . . . . Parts Fried . | . . . . . Impact Corruptions . | . . . . . Robots Melted . | . . . . . Combat Hostiles . | . . . . . Parts Melted . | . . . . . Heat Transferred . | . . . . . Parts Sabotaged . | . . . . . Parts Stolen . | . . . . . Parts Stripped . | . . . . . Power Chain Reactions . | . . . . . Alert | -11 -10 -10 -10 -9 ------- Run | Yrd Mat Min Exi Min Peak Influence 155 | 40 47 155 . . Initial 22 | . 22 15 . . Average 42 | 19 42 55 . . Maximum Alert Level . | . . . . . Low Security (%) 100 | 100 100 100 . 100 Level 1 . | . . . . . Level 2 . | . . . . . Level 3 . | . . . . . Level 4 . | . . . . . Level 5 . | . . . . . High Security . | . . . . . Max Security . | . . . . . Squads Dispatched . | . . . . . Investigation . | . . . . . Extermination . | . . . . . Reinforcement . | . . . . . Assault . | . . . . . Garrison . | . . . . . Intercept . | . . . . . Searches Triggered . | . . . . . Construction Impeded . | . . . . . Haulers Reinforced . | . . . . . Active Scanning Responses . | . . . . . Cargo Convoy Interrupts . | . . . . . Stealth | -11 -10 -10 -10 -9 --------- Run | Yrd Mat Min Exi Min Distress Signals 1 | . 1 . . . Communications Jammed . | . . . . . Distress Signals . | . . . . . Times Spotted 22 | . 5 5 . 12 Peak Tracking Total 16 | . 3 3 . 16 Tactical Retreats 2 | . . . . 2 Traps | -11 -10 -10 -10 -9 ------- Run | Yrd Mat Min Exi Min Traps Triggered 2 | . 2 . . . Indirectly . | . . . . . Trap Hack Attempts . | . . . . . Triggered . | . . . . . Disarmed . | . . . . . Reprogrammed . | . . . . . Reused . | . . . . . Traps Extracted . | . . . . . Installed . | . . . . . Triggered . | . . . . . Machines | -11 -10 -10 -10 -9 ---------- Run | Yrd Mat Min Exi Min Machines Disabled . | . . . . . Max in Single Turn . | . . . . . Machines Repaired . | . . . . . Machines Dismantled . | . . . . . Machines Sabotaged . | . . . . . Overloaded Fab Kills . | . . . . . Hacking | -11 -10 -10 -10 -9 --------- Run | Yrd Mat Min Exi Min Machines Accessed 9 | . 4 . 4 1 Terminals 3 | . 3 . . . Fabricators . | . . . . . Repair Stations . | . . . . . Recycling Units 1 | . 1 . . . Scanalyzers . | . . . . . Garrison Access . | . . . . . Total Hacks 19 | . 14 . 4 1 Successful 11 | . 6 . 4 1 Failed 8 | . 8 . . . Catastrophic 3 | . 3 . . . Database Lockouts . | . . . . . Manual 6 | . 6 . . . Terminals 11 | . 11 . . . Fabricators . | . . . . . Repair Stations . | . . . . . Recycling Units 3 | . 3 . . . Scanalyzers . | . . . . . Garrison Access . | . . . . . Terminal Hacks 10 | . 5 . 4 1 Record 4 | . . . 4 . Open Door 1 | . . . . 1 Branch Access Points 1 | . 1 . . . Emergency Access Points 1 | . 1 . . . Dispatch Records 1 | . 1 . . . Recall Investigation 1 | . 1 . . . Zone Layout 1 | . 1 . . . Fabricator Hacks . | . . . . . Repair Station Hacks . | . . . . . Recycling Unit Hacks 1 | . 1 . . . Report Inventory 1 | . 1 . . . Scanalyzer . | . . . . . Garrison Access Hacks . | . . . . . Unauthorized Hacks . | . . . . . Terminals . | . . . . . Fabricators . | . . . . . Repair Stations . | . . . . . Recycling Units . | . . . . . Scanalyzers . | . . . . . Garrison Access . | . . . . . Data Cores Recovered . | . . . . . Used . | . . . . . Hacking Detections 4 | . 4 . . . Full Trace Events . | . . . . . Feedback Events . | . . . . . Feedback Blocked . | . . . . . Robot Schematics Acquired . | . . . . . Robots Built . | . . . . . Authchips . | . . . . . Time . | . . . . . Total Robot Build Rating . | . . . . . Part Schematics Acquired . | . . . . . Parts Built . | . . . . . Authchips . | . . . . . Time . | . . . . . Total Part Build Rating . | . . . . . Parts Repaired . | . . . . . Time . | . . . . . Parts Recycled . | . . . . . Recycled Matter . | . . . . . Retrieved Matter . | . . . . . Retrieved Components . | . . . . . Parts Scanalyzed . | . . . . . Part Schematics Acquired . | . . . . . Parts Damaged . | . . . . . Bothacking | -11 -10 -10 -10 -9 ------------ Run | Yrd Mat Min Exi Min Used RIF Installer . | . . . . . Robots Hacked . | . . . . . Non-combat . | . . . . . Combat . | . . . . . Robot Hacks Applied . | . . . . . Relay Couplers Released . | . . . . . Fabnet Peak Effective % . | . . . . . Robots Rewired . | . . . . . Allies Hacked . | . . . . . Hacks Repelled . | . . . . . Allies | -11 -10 -10 -10 -9 -------- Run | Yrd Mat Min Exi Min Total Allies . | . . . . . Largest Group . | . . . . . Highest-Rated Group . | . . . . . Highest-Rated Ally . | . . . . . Total Orders . | . . . . . Ally Attacks . | . . . . . Total Damage . | . . . . . Kills . | . . . . . Allies Corrupted . | . . . . . Allies Melted . | . . . . . Intel | -11 -10 -10 -10 -9 ------- Run | Yrd Mat Min Exi Min Robot Analysis Total . | . . . . . Derelict Logs Recovered 1 | . . 1 . . Drone Launches . | . . . . . Drone Recoveries . | . . . . . Exploration | -11 -10 -10 -10 -9 ------------- Run | Yrd Mat Min Exi Min Turns Passed 2802 | 174 243 817 1418 150 Spaces Moved 1734 | 121 203 630 718 62 Core 7 | 4 3 . . . Treads . | . . . . . Legs . | . . . . . Wheels 1727 | 117 200 630 718 62 Hover . | . . . . . Flight . | . . . . . Fastest Speed 50 | 50 80 105 120 210 Average Speed 149 | 79 106 119 194 210 Slowest Speed 800 | 80 800 145 210 210 Overloaded Moves . | . . . . . Propulsion Burnouts . | . . . . . Robots Hopped . | . . . . . Cave-ins Triggered . | . . . . . Exploration Rate (%) 44 | 4 33 76 92 16 Regions Visited 4 Branch Regions 3 Pre-discovered Areas 2 | . . 2 . . Known Exits Taken 1 | . 1 . . . Unknown Exits Taken 3 | 1 . 1 1 . Scrap Searched 1 | . . 1 . . Spaces Dug . | . . . . . Terrain Destroyed . | . . . . . Melee . | . . . . . Projectile . | . . . . . AOE . | . . . . . Terrain Rammed . | . . . . . Walls Destroyed . | . . . . . Machines Disabled . | . . . . . Actions | -11 -10 -10 -10 -9 --------- Run | Yrd Mat Min Exi Min Total 1839 | 153 220 657 740 69 Wait . | . . . . . Move 1730 | 120 202 629 717 62 Hop . | . . . . . Pick Up 37 | 3 8 5 20 1 Fast Attach 8 | 6 . 2 . . Attach 4 | . 2 1 1 . Detach 1 | . . . 1 . Swap 2 | . 1 1 . . Drop 1 | . . . 1 . Fire 56 | 24 7 19 . 6 Melee . | . . . . . Ram . | . . . . . Kick . | . . . . . Crush . | . . . . . Escape Stasis . | . . . . . Rewire . | . . . . . Trap . | . . . . . Miscellaneous . | . . . . . Route ------- -11/Scrapyard -10/Materials -10/Mines (discovered 3 exits: [*Mat x2] / *Exi) -10/Exiles (discovered 2 exits: *Min x2) -9/Mines History --------- Turn | Location | Event 10 | -11/Scrapyard | Discovered new exit (range 15) 175 | -11/Scrapyard | Entered Materials 208 | -10/Materials | Identified exit to Mines 310 | -10/Materials | Build established: Mutant 418 | -10/Materials | Entered Mines 927 | -10/Mines | Learned location of Zion (-7) 1009 | -10/Mines | Learned location of Storage (-9) 1009 | -10/Mines | Discovered new exit (range 7) 1106 | -10/Mines | Deemed a non-threat by the Exiles lab entrance 1108 | -10/Mines | Discovered new exit (range 5) 1130 | -10/Mines | Discovered new exit (range 14) 1235 | -10/Mines | Entered Exiles 1235 | -10/Exiles | Found Exiles lab abandoned 1270 | -10/Exiles | Discovered new exit (range 14) 1690 | -10/Exiles | Build established: Hauler-Mutant 1977 | -10/Exiles | Discovered new exit (range 14) 2653 | -10/Exiles | Entered Mines 2669 | -9/Mines | Found the Drone Emporium 2683 | -9/Mines | Found Prototype Device 2756 | -9/Mines | Assembled infested the area 2761 | -9/Mines | Assisted by a Guerilla fighting off Assembled 2803 | -9/Mines | Self-destructed Last Messages --------------- C&D." UW-Z2E(g): "I'm a fan of the free market. Free drones for all! No strings attached!" Acquired Prototype Device. ALERT: Infestation in the mines, dispatching Demolisher response squad. IF-HOJ(h): "I'll hold them off! Go on ahead or try to find another way!" HV Slug penetrates as-94296. as-94296 suffers critical hit (Destroy). as-94296 destroyed. A derelict emerges from the shadows: "You need to get out of here! I've been tracking a group of Assembled to figure out where they're coming from, and they're closing on this area, come on!" Destroyed Asb. Hover Unit. as-75504 knocked back. Destroyed Asb. F-torch. as-75504 destroyed. Acquired 4 matter. Com. Wheel destroyed. System corrupted by crushing effect (+2). as-59446 knocked back. Map ----- +----------------------------------------------------+ | | | | | | | | | | | | | | | | | | | | | | | | | | | ????????????????????????????????######???????????? | | ?????????????????????????###???##""""##??????????? | | ????????????????????????## ##?#" "#??????????? | | ????????????????????????# #?#" "#??????????? | | ????????????????????????# #?## ###?????????? | | ?????????????????????????# ##### ## ####??????? | | ??????????????????????????# ## X ##?????? | | ???????????????????????#### # #?????? | | ???????????????????????# #?????? | | ???????????????????????# #?????? | | ???????????????????????# ## ##?????? | | ???????????????????????# #### ##??????? | | ???????????????????????# @#??## ##???????? | | ???????????????????????#aa#???### ##????????? | | ???????????????????????# #####?## ##?????????? | | ???????????????????????# % %#??# #??????????? | | ???????????????????????# #??## ##??????????? | | ???????????????????????#####%%##??# #???????????? | | ???????????????????????????# %##?# #???????????? | | ???????????????????????????# #?# #???????????? | | ???????????????????????????# #?# #???????????? | | ???????????????????????????# #?# #???????????? | | ??????????????????????????? #?# #???????????? | | ??????????????????????????? #?# #???????????? | | ??????????????????????????# ## #???????????? | | ??????????????????????????# #? ????????????? | | ??????????????????????????## ???????????????? | | ???????????????????????????# ??????????????? | | ??????????????????????????? ?????????????? | | ???????????????????????????# ????????????? | | ????????????????????????????# ???????????? | | ????????????????????????????? "# # ##??????????? | | ????????????????????????????? ## ####???????????? | | ????????????????????????????? %#??#??????????????? | | ????????????????????????????? #?????????????????? | | ????????????????????????????? ??????????????????? | | ?????????????????????????????????????????????????? | +----------------------------------------------------+ Best States ------------- Heat Dissipation 25 Energy Generation 14 Energy Capacity 160 Matter Stores 300 Matter Capacity 300 Sight Range 16 Terrain Scan Density 10 Armor Coverage 150 Resistance: KI 20 Resistance: TH 20 Resistance: EX 20 Resistance: EM 20 Resistance: I 20 Resistance: S 20 Resistance: P 20 Evasion (%) 44 Offensive Hacking 10 Item Schematics ----------------- None Robot Schematics ------------------ None Fabricated ------------ Nothing Alien Tech Used ----------------- None Achievements -------------- Tank Challenges ------------ None Game ------ Seed SuspensionThermalBlaster Manual? 0 Play Time 00:15:05 Cumulative 6.7 hours Start 2024.07.04 @ 13:01:22 End 2024.07.04 @ 13:15:46 Sessions 1 Manual Loads 0 Difficulty Adventurer Special Mode None Game No. 10 Rogue 0 Adventurer 10 Explorer 0 Win Type - Total 0 Types 0/0/0/0/0/0/0/0/0 Lore% 16 Gallery% 14 Achievement% 14 Wizard Run 0 Options --------- Layout 0 ASCII 0 Keyboard 0 Movement Arrows Keybinds 0 Fullscreen 2 Font 36/Smallcaps Map View 76x50 Zoom Use 0% Tactical HUD 0 Map Filters NONE Filters NONE Steam 0 RUN: 55a82393-5688-40f2-be48-d69894cd159d